 Dungeon Crawl Stone Soup version 0.28.0-53-g5a82cb258f (webtiles) character file.

Game seed: 14997992165088762026

8 MiltankisOP the Ruffian (level 2, -2/25 HPs)
             Began as a Naga Transmuter on July 9, 2022.
             Slain by a goblin
             ... wielding a +1 dagger of electrocution
              (5 damage)
             ... on level 1 of the Dungeon.
             The game lasted 00:00:45 (382 turns).

MiltankisOP the Ruffian (Naga Transmuter)            Turns: 382, Time: 00:00:46

Health: -2/25      AC:  1    Str: 12    XL:     2   Next: 8%
Magic:  3/5        EV:  9    Int: 13    God:
Gold:   22         SH:  0    Dex: 11    Spells: 4/5 levels left

rFire   . . .      SeeInvis +     - Unarmed
rCold   . . .      Faith    .   (no shield)
rNeg    . . .      Spirit   .   a - +0 robe
rPois   +          Reflect  .   (helmet currently unavailable)
rElec   .          Harm     .   (no cloak)
rCorr   .          Rampage  .   (no gloves)
Will    .....                   (no barding)
Stlth   +.........              (no amulet)
HPRegen 0.08/turn               (no ring)
MPRegen 0.09/turn               (no ring)

@: appendages (expiring), very slow
A: horns 2, AC +0, large, see invisible, deformed body, poison resistance,
slowness 2, spit poison 1, naga tail 1
a: Spit Poison, End Transformation


You were on level 1 of the Dungeon.
You had temporarily grown beastly horns.
You visited 1 branch of the dungeon, and saw 1 of its levels.

You collected 22 gold pieces.

Inventory:

Armour
 a - a +0 robe (worn)
Scrolls
 b - a scroll of fear {unknown}
 e - a scroll of teleportation {unknown}
Potions
 c - 2 potions of degeneration {unknown}
 d - a potion of curing {unknown}


   Skills:
 - Level 1.0 Fighting
 - Level 1.5 Dodging
 + Level 3.5 Unarmed Combat
 - Level 2.0 Spellcasting
 - Level 2.0 Transmutations


You had 4 spell levels left.
You knew the following spells:

 Your Spells              Type           Power      Damage    Failure   Level
a - Beastly Appendage     Tmut           12%        N/A       11%         1

Your spell library contained the following spells:

 Spells                   Type           Power      Damage    Failure   Level
 Wereblood                Tmut           6%         N/A       17%         2
 Spider Form              Tmut/Pois      3%         N/A       45%         3
 Ice Form                 Ice/Tmut       3%         N/A       86%         4


Dungeon Overview and Level Annotations

Branches:
Dungeon (1/15)

Altars:


Innate Abilities, Weirdness & Mutations

You have temporarily grown beastly horns.
Your serpentine skin is tough. (AC +0)
You have supernaturally acute eyesight. (SInv)
Armour fits poorly on your strangely shaped body.
Your system is resistant to poisons. (rPois)
You cover ground very slowly.
You can spit poison.
You have a snake-like lower body.


Message History

You hit the kobold.
You kill the kobold!
The bat misses you. The bat hits you.
You hit the frilled lizard.
The frilled lizard is heavily wounded.
The bat hits you but does no damage. The frilled lizard barely misses you.
You barely miss the frilled lizard.
The frilled lizard is heavily wounded.
The bat hits you but does no damage.
You miss the frilled lizard.
The frilled lizard is heavily wounded.
Your horns disappear.
The bat hits you but does no damage. The frilled lizard barely misses you.
The goblin closely misses you.
You closely miss the frilled lizard.
The frilled lizard is heavily wounded.
The bat barely misses you. The bat hits you but does no damage.
The frilled lizard barely misses you.
The goblin hits you with a +1 dagger of electrocution.
Casting: Beastly Appendage (safe; 11% risk of failure)
Confirm with . or Enter, or press ? or * to list all spells.
You grow a pair of large bovine horns.
The bat barely misses you. The frilled lizard bites you.
The goblin hits you with a +1 dagger of electrocution.
* * * LOW HITPOINT WARNING * * *
You barely miss the frilled lizard.
Your headbutt misses the frilled lizard.
The frilled lizard is heavily wounded.
The bat hits you.
* * * LOW HITPOINT WARNING * * *
The frilled lizard closely misses you. The goblin closely misses you.
You closely miss the frilled lizard.
The frilled lizard is heavily wounded.
Your transformation is almost over.
The bat hits you.
* * * LOW HITPOINT WARNING * * *
The frilled lizard closely misses you.
The goblin hits you with a +1 dagger of electrocution.
You die...

#.###........ ... #.#
#........ # ... ###.#
#........ .#...)#####...#
#........ .
...........#####........
#.##...###................
..(...###...>.......####..
..##....g...####..#! ###
.......rl@..# ## #
.......###b...... #####
....... ##...### #...#
.....(. #...... #.<.#
##.?..# ....... #...###
...##. ...... #.....# #..
## #.... #...>.# .. ....
#.....# #...###


You could see a quokka, a goblin, a bat and a frilled lizard.

Vanquished Creatures
  A dart slug (D:1)
  A ball python (D:1)
  A hobgoblin (D:1)
  2 kobolds (D:1)
  2 rats (D:1)
7 creatures vanquished.

Notes
Turn   | Place    | Note
-------+----------+-------------------------------------------
     0 | D:1      | MiltankisOP the Naga Transmuter began the quest for the
                  | Orb.
     0 | D:1      | Reached XP level 1. HP: 18/18 MP: 3/3
   373 | D:1      | Reached XP level 2. HP: 16/25 MP: 3/5
   382 | D:1      | Slain by a goblin

Illustrated notes

Levels and vault maps discovered:
D:1:      amcnicky_arrival_blooded_trapdoor, layout_rooms, interstate_on_off,
          moated_statue

Action                   || total
-------------------------++-------
Melee: Unarmed           ||    33
       Headbutt          ||     1
 Cast: Beastly Appendage ||     2
Armor: Robe              ||     8
Dodge: Dodged            ||    20
